 Dungeon Sprint DCSS version 0.30.1-9-gdf580d7c3d (webtiles) character file.

Game seed: 7089098637834131909

39116 Heoruswealwe the Minotaur Porcupine (level 13, -1/145 HPs)
             Began as a Minotaur Fighter on Oct 12, 2023.
             Was an Initiate of Gozag.
             Slain by an entropy weaver (7 damage)
             ... in the Dungeon (Sprint IX: "|||||||||||||||||||||||||||||").
             The game lasted 00:26:43 (3567 turns).

Heoruswealwe the Minotaur Porcupine (MiFi)          Turns: 3567, Time: 00:26:43

Health: -1/145     AC: 13    Str: 28    XL:     13   Next: 67%
Magic:  12/12      EV: 14    Int: 11    God:    Gozag
Gold:   3129       SH:  0    Dex: 10    Spells: 12/12 levels left

rFire   . . .        b - +4 halberd of Juodehol {flame, Str+2 Int+6}
rCold   . . .        (shield currently unavailable)
rNeg    . . .        c - +0 shadow dragon scales
rPois   .            g - +2 hat
rElec   .            h - +0 cloak
rCorr   .            f - +1 pair of gloves
SInv    .            (no boots)
Will    .....        (no amulet)
Stlth   ++           k - +2 ring of evasion
HPRegen 0.44/turn    (no ring)
MPRegen 0.13/turn

%: no teleportation
@: corroded, gold aura, studying Axes
A: horns 2, retaliatory headbutt
a: Renounce Religion, Potion Petition, Call Merchant, Bribe Branch


You were in the Dungeon.
You worshipped Gozag.
Gozag was most pleased with you.
You visited 1 branch You collected 13353 gold pieces.
You spent 6932 gold pieces at shops.
You paid 3292 gold pieces to Gozag.

Inventory:

Hand Weapons
 a - a +4 trident of protection
 b - the +4 halberd of Juodehol (weapon) {flame, Str+2 Int+6}
   (You bought it in a shop in the Dungeon)

   Str:       It affects your strength (+2).
   Int:       It affects your intelligence (+6).
 o - a +0 glaive
Armour
 c - +0 shadow dragon scales (worn)
 d - a +0 kite shield
 f - a +1 pair of gloves (worn)
 g - a +2 hat (worn)
 h - a +0 cloak (worn)
 x - the +4 Cigotuvi's embrace {Corpsefed rMiasma Drain rN+}
   (You bought it in a shop in the Dungeon)

   Corpsefed: It gathers nearby corpses to temporarily increase the armour it
   provides.
   rMiasma:   It protects you from foul pestilence.
   rN:        It protects you from negative energy.
   Drain:     It drains your maximum health when unequipped.
Jewellery
 k - a +2 ring of evasion (left hand)
 z - a ring of protection from fire
Wands
 l - a wand of acid (13)
 v - a wand of iceblast (3)
Scrolls
 j - 4 scrolls of blinking
 r - 6 scrolls of enchant armour
 s - 8 scrolls of identify
 y - a scroll of enchant weapon
Potions
 e - 4 potions of curing
 i - 2 potions of berserk rage
 n - 2 potions of might
 p - 3 potions of resistance
 q - a potion of mutation
 u - 2 potions of haste
Miscellaneous
 t - a phantom mirror
 w - a box of beasts


   Skills:
 + Level 22.0 Fighting
 O Level 27 Polearms
 + Level 22.0 Armour
 + Level 9.0 Dodging
 + Level 10.6 Shields
 + Level 7.5 Evocations


You had 12 spell levels left.
You didn't know any spells.
Your spell library contained the following spells:

 Spells                   Type           Power      Damage    Failure   Level
 Stone Arrow              Conj/Erth      0%         3d7       95%         3
 Animate Armour           Summ/Erth      0%         N/A       100%        4
 Lehudib's Crystal Spear  Conj/Erth      0%         10d2      100%        8


Dungeon Overview and Level Annotations

Branches:
Dungeon (1/1)

Altars:
Cheibriados
Dithmenos
Elyvilon
Fedhas
Gozag
Hepliaklqana
Kikubaaqudgha
Makhleb
Nemelex Xobeh
Okawaru
Qazlal
Ru
Sif Muna
Trog
Uskayaw
Vehumet
Wu Jian
Xom
Yredelemnul
Zin
The Shining One
Jiyva
Lugonu

Shops:
D (([=(*[*


Innate Abilities, Weirdness & Mutations

You have a pair of horns on your head.
You reflexively headbutt those who attack you in melee.


Message History

You kill the radroach!
The radroach is no longer distracted by gold.
Your Fighting skill increases to level 22!
Your Armour skill increases to level 22!
Your Dodging skill increases to level 9!
You puncture the entropy weaver! You burn the entropy weaver.
Your headbutt misses the entropy weaver.
The entropy weaver is moderately wounded.
The entropy weaver hits you but does no damage.
The entropy weaver hits you.
* * * LOW HITPOINT WARNING * * *
The entropy weaver barely misses you. The entropy weaver hits you.
* * * LOW HITPOINT WARNING * * *
You hit the entropy weaver. You burn the entropy weaver.
The entropy weaver is moderately wounded.
The entropy weaver hits you.
* * * LOW HITPOINT WARNING * * *
The entropy weaver closely misses you.
The entropy weaver hits you but does no damage.
The entropy weaver misses you.
Okay, then.
You hit the entropy weaver. You burn the entropy weaver.
The entropy weaver is heavily wounded.
The entropy weaver hits you!
* * * LOW HITPOINT WARNING * * *
The entropy weaver completely misses you.
The entropy weaver closely misses you. The entropy weaver hits you!
* * * LOW HITPOINT WARNING * * *
You feel better.
The entropy weaver completely misses you.
You furiously retaliate!
You headbutt the entropy weaver. The entropy weaver hits you!
* * * LOW HITPOINT WARNING * * *
The entropy weaver closely misses you.
The entropy weaver hits you but does no damage.
You miss the entropy weaver.
The entropy weaver is heavily wounded.
The entropy weaver barely misses you. The entropy weaver hits you!
You die...
Your body crumbles into a pile of gold.

▓)▓.▓[▓.▓)▓.▓.▓.▓_
▓)▓.▓[▓.▓)▓.▓'▓.▓_
▓.▓.▓?▓.▓)▓.▓.▓.▓_
▓.▓.▓.▓.▓)▓.▓.▓.▓_
▓.▓.▓.▓.▓)▓.▓.▓.▓_
▓$▓.▓.▓.▓[▓.▓.▓.▓_
▓$▓.▓.▓.▓[▓.▓.▓.▓_
▓$▓.▓.▓.▓[▓.▓.▓.▓_
▓@▓)▓.▓.▓.▓.▓.▓.▓_
▓B▓.▓.▓)▓.▓.▓.▓.▓_
▓B▓.▓.▓.▓'▓.▓.▓.▓_
▓.▓.▓.▓.▓[▓.▓'▓.▓'
▓.▓.▓'▓.▓?▓.▓.▓.▓!
$
▓.▓.▓[▓.▓.▓.▓.▓.▓?
$
▓.▓.▓.▓.▓.▓.▓.▓.▓)
$
▓+▓.▓)▓.▓.▓.▓.▓.▓.
▓.▓[▓.▓∩▓.▓.▓.▓=


You could see a radroach and an entropy weaver.

Vanquished Creatures
  Saint Roka (D)
  A sphinx (D)
  Gastronok (D)
  Agnes (D)
  A stone giant (D)
  A very ugly thing (D)
  2 spark wasps (D)
  A fire dragon (D)
  A merfolk impaler (D)
  An entropy weaver (D)
  A shambling mangrove (D)
  Erolcha (D)
  2 hydras (D)
  Harold (D)
  A radroach (D)
  3 centaur warriors (D)
  5 ogre magi (D)
  A boulder beetle (D)
  A merfolk aquamancer (D)
  A deep troll shaman (D)
  3 tengu warriors (D)
  Sonja (D)
  A pharaoh ant (D)
  3 deep trolls (D)
  An orb spider (D)
  A swamp dragon (D)
  A bog body (D)
  2 lindwurms (D)
  An orc knight (D)
  2 orc sorcerers (D)
  A manticore (D)
  An ugly thing (D)
  A will-o-the-wisp (D)
  A water nymph (D)
  A black mamba (D)
  A cane toad (D)
  2 rime drakes (D)
  A rime drake (shapeshifter) (D)
  4 komodo dragons (D)
  3 merfolk (D)
  4 trolls (D)
  3 tyrant leeches (D)
  2 hornets (D)
  A snapping turtle (D)
  2 jumping spiders (D)
  2 spriggans (D)
  A vampire (D)
  4 yaks (D)
  A water elemental (D)
  3 basilisks (D)
  4 vampire mosquitoes (D)
  An acid dragon (D)
  3 water moccasins (D)
  A black bear (D)
  12 orc warriors (D)
  A wolf (D)
  An ogre (D)
  A phantom (D)
  2 bullfrogs (D)
  3 orc priests (D)
  A hell rat (D)
  5 orc wizards (D)
  3 worms (D)
  12 orcs (D)
  A bat (D)
  A goblin (D)
  2 hobgoblins (D)
  A quokka (D)
138 creatures vanquished.

Vanquished Creatures (others)
  A vampire mage (D)
  An orc wizard (D)
  A foxfire (D)
3 creatures vanquished.

Grand Total: 141 creatures vanquished

Notes
Turn   | Place    | Note
-------+----------+-------------------------------------------
     0 | D        | Heoruswealwe the Minotaur Fighter began the quest for the
                  | Orb.
     0 | D        | Reached XP level 1. HP: 19/19 MP: 0/0
     7 | D        | Reached skill level 3 in Polearms
    20 | D        | Reached skill level 4 in Polearms
    28 | D        | Noticed a black bear
    28 | D        | Noticed an ogre
    28 | D        | Noticed a phantom
    33 | D        | Killed a black bear
    34 | D        | Reached skill level 7 in Polearms
    34 | D        | Reached XP level 2. HP: 8/31 MP: 1/1
    34 | D        | Reached XP level 3. HP: 10/38 MP: 2/2
    34 | D        | Reached XP level 4. HP: 12/45 MP: 3/3
    36 | D        | Killed an ogre
    37 | D        | Reached skill level 9 in Polearms
    37 | D        | Reached XP level 5. HP: 45/52 MP: 4/4
    54 | D        | Killed a phantom
    55 | D        | Reached skill level 10 in Polearms
    74 | D        | Found a snail-covered altar of Cheibriados.
    74 | D        | Found a shadowy altar of Dithmenos.
    74 | D        | Found a white marble altar of Elyvilon.
    74 | D        | Found a blossoming altar of Fedhas.
    74 | D        | Found an opulent altar of Gozag.
    75 | D        | Found a hazy altar of Hepliaklqana.
    76 | D        | Found a viscous altar of Jiyva.
    77 | D        | Found an ancient bone altar of Kikubaaqudgha.
    78 | D        | Found a corrupted altar of Lugonu.
    79 | D        | Found a burning altar of Makhleb.
    80 | D        | Found a sparkling altar of Nemelex Xobeh.
    81 | D        | Found an iron altar of Okawaru.
    82 | D        | Became a worshipper of Gozag Ym Sagoz the Greedy
    83 | D        | Found a stormy altar of Qazlal.
    84 | D        | Found a sacrificial altar of Ru.
    85 | D        | Found a shimmering blue altar of Sif Muna.
    86 | D        | Found a bloodstained altar of Trog.
    87 | D        | Found a hide-covered altar of Uskayaw.
    88 | D        | Found a radiant altar of Vehumet.
    89 | D        | Found an ornate altar of the Wu Jian Council.
    90 | D        | Found a shimmering altar of Xom.
    91 | D        | Found a basalt altar of Yredelemnul.
    92 | D        | Found a glowing silver altar of Zin.
    93 | D        | Found a glowing golden altar of the Shining One.
   157 | D        | Noticed a yak
   157 | D        | Noticed an acid dragon
   157 | D        | Noticed an orc warrior
   157 | D        | Noticed a vampire
   157 | D        | Noticed a yak
   161 | D        | Killed a yak
   162 | D        | Reached skill level 12 in Polearms
   162 | D        | Reached XP level 6. HP: 60/63 MP: 5/5
   165 | D        | Killed an acid dragon
   178 | D        | Killed an orc warrior
   179 | D        | Reached skill level 10 in Fighting
   179 | D        | Reached skill level 13 in Polearms
   179 | D        | Reached skill level 10 in Armour
   179 | D        | Reached XP level 7. HP: 36/72 MP: 6/6
   180 | D        | Killed a vampire
   187 | D        | Reached skill level 14 in Polearms
   191 | D        | Killed a yak
   334 | D        | Noticed a vampire mosquito
   334 | D        | Noticed a centaur warrior
   334 | D        | Noticed a rime drake
   334 | D        | Noticed a vampire mosquito
   334 | D        | Noticed a vampire mosquito
   338 | D        | Killed a vampire mosquito
   339 | D        | Reached XP level 8. HP: 73/82 MP: 7/7
   344 | D        | Killed a centaur warrior
   345 | D        | Reached skill level 16 in Polearms
   350 | D        | Killed a rime drake
   357 | D        | Reached XP level 9. HP: 75/92 MP: 8/8
   362 | D        | Reached skill level 17 in Polearms
   509 | D        | Noticed a black mamba
   533 | D        | Reached skill level 18 in Polearms
   543 | D        | Killed a black mamba
   622 | D        | Noticed a komodo dragon
   622 | D        | Noticed a rime drake
   622 | D        | Noticed a komodo dragon
   622 | D        | Noticed a cane toad
   627 | D        | Killed a komodo dragon
   628 | D        | Reached skill level 19 in Polearms
   628 | D        | Noticed a komodo dragon
   631 | D        | Noticed a rime drake
   638 | D        | Killed a rime drake
   639 | D        | Reached XP level 10. HP: 61/104 MP: 9/9
   648 | D        | Killed a cane toad
   652 | D        | Reached skill level 20 in Polearms
   659 | D        | Reached skill level 15 in Fighting
   659 | D        | Reached skill level 15 in Armour
   897 | D        | Noticed a lindwurm
   897 | D        | Noticed a lindwurm
   905 | D        | Killed a lindwurm
   910 | D        | Killed a lindwurm
   911 | D        | Reached skill level 21 in Polearms
  1013 | D        | Noticed Erolcha
  1022 | D        | Killed Erolcha
  1041 | D        | Noticed Gastronok
  1058 | D        | Killed Gastronok
  1059 | D        | Reached skill level 22 in Polearms
  1059 | D        | Reached XP level 11. HP: 78/115 MP: 10/10
  1285 | D        | Noticed an orc knight
  1289 | D        | Noticed an orc sorcerer
  1298 | D        | Killed an orc knight
  1306 | D        | Killed an orc sorcerer
  1317 | D        | Reached skill level 23 in Polearms
  1523 | D        | Found Tumoebe's Weapon Emporium.
  1523 | D        | Noticed a deep troll
  1523 | D        | Noticed an ogre mage
  1523 | D        | Noticed a deep troll
  1523 | D        | Noticed an ogre mage
  1523 | D        | Noticed an ogre mage
  1523 | D        | Noticed a deep troll
  1526 | D        | Killed a deep troll
  1527 | D        | Noticed a stone giant
  1531 | D        | Killed an ogre mage
  1534 | D        | Killed a deep troll
  1536 | D        | Noticed an ogre mage
  1539 | D        | Found Atu Luxe's Antique Armour Shoppe.
  1553 | D        | Killed a stone giant
  1554 | D        | Reached skill level 24 in Polearms
  1560 | D        | Killed an ogre mage
  1564 | D        | Killed an ogre mage
  1568 | D        | Killed a deep troll
  1575 | D        | Killed an ogre mage
  1584 | D        | Found Vasupy's Jewellery Emporium.
  1592 | D        | Found Boefune's Antique Weapon Shoppe.
  1598 | D        | Noticed an ogre mage
  1607 | D        | Killed an ogre mage
  1608 | D        | Reached skill level 25 in Polearms
  1608 | D        | Reached XP level 12. HP: 51/128 MP: 11/11
  1682 | D        | Bought a scroll of identify for 72 gold pieces
  1682 | D        | Bought a phantom mirror for 1440 gold pieces
  1682 | D        | Bought a scroll of identify for 72 gold pieces
  1682 | D        | Bought a tapered silver wand for 144 gold pieces
  1682 | D        | Bought a box of beasts for 1440 gold pieces
  1682 | D        | Bought a potion of berserk rage for 180 gold pieces
  1682 | D        | Bought a scroll of identify for 72 gold pieces
  1689 | D        | Bought the +4 Cigotuvi's embrace {Corpsefed rMiasma Drain
                  | rN+} for 910 gold pieces
  1689 | D        | Found the +4 Cigotuvi's embrace {Corpsefed rMiasma Drain
                  | rN+}
  1695 | D        | Bought a scroll of identify for 34 gold pieces
  1695 | D        | Bought a manual of Axes for 1360 gold pieces
  1695 | D        | Bought a scroll of enchant weapon for 127 gold pieces
  1695 | D        | Bought a wand of acid (3) for 214 gold pieces
  1695 | D        | Bought 3 scrolls of vulnerability for 204 gold pieces
  1808 | D        | Noticed Harold
  1817 | D        | Killed Harold
  1881 | D        | Noticed Sonja
  1889 | D        | Killed Sonja
  2198 | D        | Noticed a tengu warrior
  2198 | D        | Noticed a centaur warrior
  2198 | D        | Noticed a boulder beetle
  2198 | D        | Noticed a centaur warrior
  2202 | D        | Killed a tengu warrior
  2204 | D        | Killed a centaur warrior
  2207 | D        | Killed a boulder beetle
  2209 | D        | Noticed a tengu warrior
  2211 | D        | Noticed a sphinx
  2213 | D        | Noticed a purple very ugly thing
  2216 | D        | Killed a centaur warrior
  2216 | D        | Noticed a vampire mage
  2217 | D        | Reached skill level 26 in Polearms
  2239 | D        | Noticed a fire dragon
  2246 | D        | Noticed a deep troll shaman
  2246 | D        | Killed a tengu warrior
  2254 | D        | Killed a sphinx
  2256 | D        | Noticed a tengu warrior
  2259 | D        | Killed a purple very ugly thing
  2263 | D        | Killed a vampire mage
  2264 | D        | Noticed a spark wasp
  2269 | D        | Killed a fire dragon
  2270 | D        | Reached skill level 27 in Polearms
  2270 | D        | HP: 4/133 [deep troll shaman (12)]
  2275 | D        | Killed a deep troll shaman
  2276 | D        | Reached skill level 1 in Dodging
  2276 | D        | Reached skill level 1 in Evocations
  2280 | D        | Killed a tengu warrior
  2281 | D        | HP: 3/134 [spark wasp (17)]
  2283 | D        | Killed a spark wasp
  2284 | D        | Reached skill level 5 in Shields
  2551 | D        | Bought the +4 halberd of Juodehol {flame, Str+2 Int+6} for
                  | 663 gold pieces
  2585 | D        | Noticed Agnes
  2595 | D        | Killed Agnes
  2639 | D        | Noticed Saint Roka
  2645 | D        | Reached XP level 13. HP: 125/141 MP: 12/12
  2661 | D        | HP: 7/141 [Saint Roka/divine providence (11)]
  2665 | D        | Killed Saint Roka
  2666 | D        | Reached skill level 5 in Dodging
  3034 | D        | Reached skill level 5 in Evocations
  3289 | D        | Noticed a merfolk impaler
  3294 | D        | Killed a merfolk impaler
  3518 | D        | Noticed a spark wasp
  3524 | D        | Reached skill level 10 in Shields
  3541 | D        | Killed a spark wasp
  3565 | D        | HP: 3/145 [entropy weaver (12)]
  3567 | D        | Slain by an entropy weaver

Illustrated notes

Levels and vault maps discovered:
D:        linesprint [early_d, line_temple, items_1, d_10, items_2, lair_1,
          lair_end, items_3, orc_1, orc_end, items_4, d_15, swamp_1, shoals_1,
          snake_1, spider_1, d_20, vaults_1, items_5, swamp_end, shoals_end,
          snake_end, spider_end, vaults_end, d_27, items_6, zot_1, zot_end,
          crypt_end, forest_end, elf_end, slime_end, tomb_end, abyss_end,
          pan_hell_end]

Skill      XL: |  1  2  3  4  5  6  7  8  9 10 11 12 13 |
---------------+----------------------------------------+-----
Polearms       | 7 9 12 13 14 16 19 22 25 27 | 27.0
Fighting       | 6 7 9 10 11 12 14 16 18 20 22 | 22.0
Armour         | 6 7 9 10 11 12 14 16 18 20 22 | 22.0
Dodging        | 4 9 |  9.0
Shields        | 5 10 | 10.6
Evocations     | 3 7 |  7.5

Action                     |  1- 3 |  4- 6 |  7- 9 | 10-12 | 13-15 || total
---------------------------+-------+-------+-------+-------+-------++-------
  Melee: Trident           |    20 |    19 |       |       |       ||    39
         Headbutt          |     2 |     9 |    15 |    60 |    36 ||   122
         Halberd           |       |    19 |    89 |   257 |   137 ||   502
 Invoke: Call Merchant     |       |       |       |     4 |       ||     4
    Use: Potion            |       |     1 |       |     7 |     4 ||    12
         Scroll            |       |       |       |     1 |       ||     1
   Stab: Distracted        |       |       |     3 |     3 |     3 ||     9
 Armour: Scale mail        |     8 |     6 |       |       |       ||    14
         Chain mail        |       |     7 |    35 |    20 |       ||    62
         Plate armour      |       |       |       |    53 |       ||    53
         Shadow dragon sca |       |       |       |    71 |    53 ||   124
  Dodge: Dodged            |     9 |     8 |    29 |    88 |    51 ||   185
  Block: Buckler           |     3 |       |       |       |       ||     3
